AoeStats
← D Coppa

Arabia

503622451Analyzed
2v2 RM · 1mo ago on Sep 1, 2026· 31m 18s· 4 players
Game mode
Random Map
Map size
Medium (4 player)
Population
200
Speed
Normal
Resources
Standard
Victory
Conquest
Starting age
Dark Age
Ending age
Imperial Age
RankedLock teamsTeams togetherTeam positionsShared explorationLock speedFull tech treeHidden civsTurbo modeCheats
Victory
Defeat
🇦🇷 Slavs · Argentina
506
+9
🇦🇷 Cumans · Argentina
449
+11
🇧🇷 Franks · Brazil
346
-10
🇮🇹 Bulgarians · Italy
338
-10
D Coppa
12:33 Feudal Age
12:56 Horse Collar
13:16 Double-Bit Axe
15:17 Wheelbarrow
17:43 Gold Mining
20:37 Arson
24:34 Bloodlines
27:18 Stone Mining
29:53 Castle Age
Kaplan
0:39 Loom
16:38 Feudal Age
17:16 Double-Bit Axe
17:25 Gold Mining
16:59 Man-at-Arms
30:28 Forging
30:20 Scale Mail Armor
La sobri de jefry
11:08 Feudal Age
11:35 Double-Bit Axe
15:01 Wheelbarrow
13:59 Man-at-Arms
17:33 Gold Mining
20:18 Scale Mail Armor
20:28 Forging
27:44 Stone Mining
Swenit
0:40 Loom
12:07 Feudal Age
13:55 Town Watch
14:47 Wheelbarrow
15:48 Double-Bit Axe
16:43 Forging
16:33 Scale Mail Armor
16:39 Scale Barding Armor
20:15 Man-at-Arms
21:15 Gold Mining
22:14 Stone Mining
22:17 Horse Collar
23:24 Fletching
23:34 Padded Archer Armor
33:04 Castle Age
Connection lost

Rejoining the realm…

Still unreachable

The connection could not be restored.

Session expired

The server has moved on; the page needs a fresh start.